 Dungeon Crawl Stone Soup version 0.31-a0-702-gf82c85558f (webtiles) character file.

Game seed: 15424764728574172242

2772 qw the Skirmisher (level 9, -5/57 HPs)
             Began as a Gargoyle Hunter on Sept 7, 2023.
             Slain by a gnoll sergeant
             ... wielding a +1 heavy spear
              (13 damage)
             ... on level 7 of the Dungeon.
             The game lasted 00:03:51 (6569 turns).

qw the Skirmisher (Gargoyle Hunter)                 Turns: 6569, Time: 00:03:51

Health: -5/57      AC: 15    Str:  9    XL:     9   Next: 70%
Magic:  9/9        EV: 15    Int: 14    God:
Gold:   295        SH:  0    Dex: 29    Spells: 8/8 levels left

rFire   . . .        Y - +0 shortbow (flame)
rCold   + . .        (shield currently unavailable)
rNeg    + . .        a - +2 leather armour {rF+}
rPois   inf          e - +2 hat
rElec   +            i - +1 cloak
rCorr   +            (no gloves)
SInv    .            (no boots)
Will    .....        b - amulet of Tejig {Acrobat Will- rCorr Dex+8 Slay-6}
Stlth   ++           l - ring "Vonka Bet" {Ice rElec Str-5 Int+3 Dex+4}
HPRegen 0.29/turn    (no ring)
MPRegen 0.11/turn

%: acrobat
@: no status effects
A: sickness immunity, AC +6, negative energy resistance 1, electricity
resistance, torment resistance 1, petrification resistance
a: no special abilities


You were on level 7 of the Dungeon.
You visited 2 branches of the dungeon, and saw 8 of its levels.

You collected 295 gold pieces.


Innate Abilities, Weirdness & Mutations

You are immune to sickness and miasma.
Your stone body is resilient. (AC +6)
You are immune to poison.
You resist negative energy. (rN+)
You are resistant to electric shocks. (rElec)
You are resistant to unholy torment.
You are immune to petrification.


   Skills:
 - Level 7.0 Fighting
 - Level 11.0 Ranged Weapons
 - Level 1.1 Armour
 + Level 4.3 Dodging
 - Level 1.1 Stealth


You had 8 spell levels left.
You didn't know any spells.
Your spell library was empty.

Inventory:

Hand Weapons
 Y - a +0 shortbow of flaming (weapon)
Armour
 a - a +2 leather armour of fire resistance (worn)
 e - a +2 hat (worn)
 i - a +1 cloak (worn)
Jewellery
 b - the amulet of Tejig (around neck) {Acrobat Will- rCorr Dex+8 Slay-6}
   (You found it on level 2 of the Dungeon)

   [amulet of the acrobat]

   Acrobat:   It increases your evasion while moving and waiting.
   Dex+8:     It affects your dexterity (+8).
   Slay-6:    It affects your accuracy & damage with ranged weapons and melee
   (-6).
   Will-:     It decreases your willpower.
   rCorr:     It protects you from acid and corrosion.
 l - the ring "Vonka Bet" (left hand) {Ice rElec Str-5 Int+3 Dex+4}
   (You found it on level 2 of the Dungeon)

   [ring of ice]

   Ice:       It enhances your ice magic.
   Str-5:     It affects your strength (-5).
   Int+3:     It affects your intelligence (+3).
   Dex+4:     It affects your dexterity (+4).
   rF-:       It makes you vulnerable to fire.
   rC+:       It protects you from cold.
   rElec:     It insulates you from electricity.
Scrolls
 m - a scroll of identify
Potions
 c - a potion of resistance
 d - a potion of haste
 f - a potion of curing
 h - a potion of heal wounds {unknown}
 j - a potion of might {unknown}
 n - a potion of enlightenment {unknown}

Dungeon Overview and Level Annotations

Branches:
Dungeon (7/15)             Temple (1/1) D:4

Altars:
Cheibriados
Dithmenos
Kikubaaqudgha
Makhleb
Nemelex Xobeh
Qazlal
Ru
Sif Muna
Uskayaw
Vehumet
Wu Jian
Xom
The Shining One

Shops:
D:3 ?

Annotations:
D:7 3 runed translucent doors, Jeremiah


Message History

Jeremiah lets out a twisted cry.
Something smites you!
The butterfly disappears in a burst of colours!
Jeremiah completely misses you.
You shoot an arrow. The arrow closely misses Jeremiah.
Jeremiah hits you from afar with a +4 vampiric trident!
Jeremiah misses you.
The butterfly disappears in a burst of colours!
Jeremiah cries, "Fearful master, protect me!"
Something smites you!
6562 ||| READING scroll of teleportation.
As you read the scroll of teleportation, it crumbles to dust.
You feel strangely unstable.
The butterfly disappears in a burst of colours! x2
Jeremiah hits you from afar with a +4 vampiric trident.
The butterfly disappears in a burst of colours!
Jeremiah misses you.
Your surroundings suddenly seem different.
A gnoll sergeant and 3 gnolls come into view.
The gnoll sergeant is wielding a +1 heavy spear.
Found four items.
You shoot an arrow. The gnoll sergeant shouts!
The gnoll shouts!
The arrow hits the gnoll sergeant but does no damage.
You hear a bark!
A hound comes into view.
The gnoll sergeant closely misses you. The gnoll barely misses you.
You shoot an arrow. The gnoll sergeant blocks the arrow.
The gnoll misses you.
You shoot an arrow. The arrow hits the gnoll sergeant.
The arrow burns the gnoll sergeant.
The gnoll sergeant is lightly wounded.
The gnoll sergeant hits you from afar with a +1 heavy spear.
The gnoll misses you.
You shoot an arrow. The arrow hits the gnoll!
The arrow burns the gnoll.
The gnoll is severely wounded.
You shoot an arrow. The arrow hits the gnoll!
The arrow burns the gnoll.
You kill the gnoll!
The gnoll sergeant hits you from afar with a +1 heavy spear!
You die...

..[.......
..........
.........#
..####..
........#
......#
........
.######
......####
..#
#.h.......
#.# .
#gg......!
#.## ..
#....).#
...## ...
#.@)...#
....# ....
#......#
..#.####+++
#.g....#
...........
......##
.##........
...[..##
........#.#
######..
.........[#
#$#
.##.#)...##
.#
.##........


You could see a gnoll sergeant, a hound and 2 gnolls.

Vanquished Creatures
  Prince Ribbit (D:5)
  Grinder (D:4)
  Eustachio (D:5)
  A water moccasin (D:5)
  2 orc warriors (D:5)
  3 ice beasts
  A centaur (D:7)
  A phantom (D:4)
  Blork the orc (D:6)
  A bullfrog (D:7)
  8 scorpions
  5 hounds
  A gnoll bouda (D:4)
  5 orc priests
  A sleepcap (D:7)
  3 iguanas
  3 orc wizards
  23 gnolls
  7 adders
  An ufetubus (D:6)
  2 worms
  2 dart slugs
  29 orcs
  9 ball pythons
  9 endoplasms
  3 giant cockroaches
  12 goblins
  12 hobgoblins
  3 jackals (D:2)
  2 quokkas
  12 bats
  4 frilled lizards
  4 kobolds
  3 rats
176 creatures vanquished.

Notes
Turn   | Place    | Note
-------+----------+-------------------------------------------
     0 | D:1      | qw the Gargoyle Hunter began the quest for the Orb.
     0 | D:1      | Reached XP level 1. HP: 12/12 MP: 1/1
     0 | D:1      | 0 ||| qw: Version: 0.3-a-76-g4403597
     0 | D:1      | 0 ||| qw: Game counter: 800
     0 | D:1      | 0 ||| qw: Melee chars always use a shield: true
     0 | D:1      | 0 ||| qw: God list: Okawaru
     0 | D:1      | 0 ||| qw: Allow faded altars: false
     0 | D:1      | 0 ||| qw: Do Orc after clearing Dungeon:15 true
     0 | D:1      | 0 ||| qw: Do second Lair branch before Depths: true
     0 | D:1      | 0 ||| qw: Lair rune preference: random
     0 | D:1      | 0 ||| qw: Goals: Normal
     0 | D:1      | 0 ||| PLANNING D:1-11
   273 | D:1      | Reached XP level 2. HP: 17/17 MP: 2/2
   283 | D:1      | 283 ||| UPGRADING to +0 cloak.
   288 | D:1      | 288 ||| READING scroll labelled NENOEPS PAONLE.
   289 | D:1      | 289 ||| READING scroll labelled DOUPPUGOAR.
  1124 | D:1      | 1124 ||| READING 2 scrolls labelled HEGITW VE LISH.
  1128 | D:1      | 1128 ||| READING scroll labelled JAHIAB LUTI.
  1129 | D:1      | 1129 ||| READING scroll labelled CEJOCHIPOP.
  1130 | D:1      | 1130 ||| DRINKING 2 orange potions.
  1131 | D:1      | 1131 ||| DROPPING scroll of butterflies.
  1165 | D:2      | Identified the amulet of Tejig {Acrobat Will- rCorr Dex+8
                  | Slay-6}
  1407 | D:2      | Reached skill level 5 in Ranged Weapons
  1407 | D:2      | Reached XP level 3. HP: 19/21 MP: 3/3
  1414 | D:2      | Found a sparkling altar of Nemelex Xobeh.
  1499 | D:2      | Identified the ring "Vonka Bet" {Ice rElec Str-5 Int+3
                  | Dex+4}
  1818 | D:2      | 1818 ||| UPGRADING to +2 hat.
  1823 | D:2      | 1823 ||| UPGRADING to amulet of Tejig {Acrobat Will- rCorr
                  | Dex+8 Slay-6}.
  1828 | D:2      | 1828 ||| UPGRADING to ring "Vonka Bet" {Ice rElec Str-5
                  | Int+3 Dex+4}.
  1829 | D:2      | 1829 ||| READING scroll labelled XYOWE VICRAROI.
  1830 | D:2      | 1830 ||| READING scroll labelled ROSOEGA FOWN.
  1869 | D:3      | 1869 ||| STAIRDANCE
  1874 | D:2      | Reached skill level 3 in Fighting
  1891 | D:3      | Reached XP level 4. HP: 22/28 MP: 4/4
  1891 | D:3      | 1891 ||| STAIRDANCE
  2209 | D:3      | Found The Oracle's Delphic Readings.
  2213 | D:3      | 2213 ||| SHOPLISTING scroll of acquirement (728 gold, have
                  | 130).
  2313 | D:3      | Found a faded altar of an unknown god.
  2323 | D:3      | 2323 ||| Stepping ~*~*~tactically~*~*~ (retreating).
  2324 | D:3      | 2324 ||| Stepping ~*~*~tactically~*~*~ (retreating).
  2343 | D:3      | Reached XP level 5. HP: 11/32 MP: 5/5
  2345 | D:3      | HP: 8/32 [orc/+0 flail (4)]
  2346 | D:3      | 2346 ||| READING scroll of teleportation.
  2518 | D:3      | 2518 ||| UPGRADING to +2 leather armour of fire resistance.
  2528 | D:3      | 2528 ||| DROPPING +0 leather armour.
  2529 | D:3      | 2529 ||| DRINKING 2 metallic pink potions.
  2555 | D:3      | 2555 ||| READING 2 scrolls of identify.
  2555 | D:3      | 2555 ||| IDENTIFYING purple potion
  2556 | D:3      | 2556 ||| DROPPING potion of lignification.
  2557 | D:3      | 2557 ||| DROPPING potion of berserk rage.
  2590 | D:4      | 2590 ||| STAIRDANCE
  2613 | D:4      | 2613 ||| STAIRDANCE
  2636 | D:4      | 2636 ||| STAIRDANCE
  2667 | D:4      | 2667 ||| STAIRDANCE
  2671 | D:3      | Reached skill level 6 in Ranged Weapons
  2689 | D:4      | 2689 ||| STAIRDANCE
  2710 | D:3      | HP: 7/32 [gnoll/+0 whip (4)]
  2711 | D:3      | HP: 3/32 [gnoll/+0 whip (5)]
  2834 | D:4      | 2834 ||| STAIRDANCE
  2878 | D:4      | Reached skill level 1 in Armour
  2878 | D:4      | 2878 ||| STAIRDANCE
  2939 | D:4      | Found a staircase to the Ecumenical Temple.
  2940 | D:4      | 2940 ||| PLANNING TEMPLE
  2953 | Temple   | Entered the Ecumenical Temple
  2954 | Temple   | 2954 ||| PLANNING D:1-11
  2958 | D:4      | 2958 ||| Stepping ~*~*~tactically~*~*~ (outnumbered).
  2993 | D:4      | Reached XP level 6. HP: 13/38 MP: 6/6
  3244 | D:4      | Identified the +4 chain mail of Fuzzy Miracles {Rampage
                  | rN+}
  3318 | D:4      | Found a snail-covered altar of Cheibriados.
  3380 | D:4      | Noticed Grinder
  3384 | D:4      | Paralysed by Grinder for 2 turns
  3392 | D:4      | Paralysed by Grinder for 3 turns
  3398 | D:4      | Paralysed by Grinder for 4 turns
  3416 | D:4      | Paralysed by Grinder for 5 turns
  3419 | D:4      | HP: 9/38 [Grinder (1)]
  3421 | D:4      | 3421 ||| READING 2 scrolls of teleportation.
  3422 | D:4      | HP: 3/38 [Grinder (4)]
  3422 | D:4      | HP: 1/38 [Grinder (2)]
  3612 | D:4      | Reached skill level 7 in Ranged Weapons
  3682 | D:4      | 3682 ||| RETREATING.
  3687 | D:4      | Reached XP level 7. HP: 43/43 MP: 7/7
  3689 | D:4      | 3689 ||| Stepping ~*~*~tactically~*~*~ (outnumbered).
  3701 | D:4      | 3701 ||| Stepping ~*~*~tactically~*~*~ (retreating).
  3702 | D:4      | 3702 ||| Stepping ~*~*~tactically~*~*~ (retreating).
  3703 | D:4      | 3703 ||| Stepping ~*~*~tactically~*~*~ (retreating).
  3713 | D:4      | Killed Grinder
  3714 | D:4      | Reached skill level 8 in Ranged Weapons
  3717 | D:4      | HP: 3/43 [iguana (11)]
  3718 | D:4      | 3718 ||| READING scroll of teleportation.
  3923 | D:4      | 3923 ||| READING scroll of enchant armour.
  3923 | D:4      | 3923 ||| ENCHANTING +0 cloak.
  3967 | D:4      | 3967 ||| Stepping ~*~*~tactically~*~*~ (outnumbered).
  3970 | D:4      | 3970 ||| Stepping ~*~*~tactically~*~*~ (outnumbered).
  4033 | D:4      | Reached skill level 3 in Dodging
  4033 | D:4      | Reached XP level 8. HP: 46/48 MP: 8/8
  4062 | D:4      | 4062 ||| RETREATING.
  4199 | D:4      | Found the +11 Singing Sword {sonic wave}
  4261 | D:4      | 4261 ||| DRINKING 3 smoky purple potions.
  4262 | D:4      | 4262 ||| READING 2 scrolls of identify.
  4262 | D:4      | 4262 ||| IDENTIFYING bubbling green potion
  4263 | D:4      | 4263 ||| DROPPING 2 potions of magic.
  4281 | D:5      | Entered Level 5 of the Dungeon
  4285 | D:5      | 4285 ||| STAIRDANCE
  4322 | D:5      | 4322 ||| STAIRDANCE
  4379 | D:5      | Reached skill level 9 in Ranged Weapons
  4387 | D:5      | Found a glowing golden altar of the Shining One.
  4387 | D:5      | Noticed Prince Ribbit
  4411 | D:5      | 4411 ||| RETREATING.
  4415 | D:5      | 4415 ||| Stepping ~*~*~tactically~*~*~ (retreating).
  4416 | D:5      | 4416 ||| Stepping ~*~*~tactically~*~*~ (retreating).
  4417 | D:5      | 4417 ||| Stepping ~*~*~tactically~*~*~ (retreating).
  4579 | D:5      | 4579 ||| RETREATING.
  4587 | D:5      | Reached skill level 6 in Fighting
  4615 | D:5      | Killed Prince Ribbit
  4622 | D:5      | Reached XP level 9. HP: 55/55 MP: 9/9
  4708 | D:5      | Noticed Eustachio
  4724 | D:5      | Killed Eustachio
  4770 | D:5      | Reached skill level 10 in Ranged Weapons
  5084 | D:5      | 5084 ||| Stepping ~*~*~tactically~*~*~ (outnumbered).
  5086 | D:5      | 5086 ||| Stepping ~*~*~tactically~*~*~ (outnumbered).
  5095 | D:5      | 5095 ||| FLEEEEING.
  5096 | D:5      | 5096 ||| FLEEEEING.
  5097 | D:5      | 5097 ||| FLEEEEING.
  5098 | D:5      | 5098 ||| FLEEEEING.
  5099 | D:5      | 5099 ||| FLEEEEING.
  5100 | D:5      | 5100 ||| STAIRDANCE
  5121 | D:4      | 5121 ||| DRINKING 2 bubbling dark potions.
  5122 | D:4      | 5122 ||| DROPPING potion of brilliance.
  5127 | D:5      | 5127 ||| STAIRDANCE
  5174 | D:5      | 5174 ||| STAIRDANCE
  5230 | D:4      | 5230 ||| FLEEEEING.
  5231 | D:4      | 5231 ||| FLEEEEING.
  5293 | D:5      | Found the +7 staff of the Meek {protect, meekguard}
  5584 | D:6      | Noticed Blork the orc
  5592 | D:6      | Killed Blork the orc
  6372 | D:6      | 6372 ||| READING scroll labelled RYQUSU METZI.
  6450 | D:7      | Found a runed translucent gate.
  6450 | D:7      | Found a runed translucent gate.
  6450 | D:7      | Found a runed translucent gate.
  6460 | D:7      | Reached skill level 11 in Ranged Weapons
  6505 | D:7      | Noticed Jeremiah
  6524 | D:7      | 6524 ||| READING 2 scrolls of identify.
  6524 | D:7      | 6524 ||| IDENTIFYING golden potion
  6561 | D:7      | HP: 14/57 [Jeremiah/divine providence (9)]
  6562 | D:7      | 6562 ||| READING scroll of teleportation.
  6567 | D:7      | HP: 7/57 [gnoll sergeant/+1 heavy spear (6)]
  6569 | D:7      | Slain by a gnoll sergeant

Levels and vault maps discovered:
D:1:      heliophobic_arrival_battle_scene, layout_loops_cross,
          serial_co_window_serial, co_window_paths_a,
          co_window_of_opportunity_a, co_window_corner_a,
          co_window_of_opportunity_a, co_window_paths_a, co_window_corner_a,
          co_window_paths_a, co_window_of_opportunity_b, co_window_cross_4,
          co_window_corner_cb, co_window_2corner, co_window_broadway_c,
          co_window_unsneaky_path_a, co_window_cross_3, glass_columns_c,
          glass_columns_a, glass_columns_a, glass_columns_b, glass_columns_b
D:2:      layout_loops_ring, basic_altar
D:3:      layout_rooms, ebering_ecumenical_altar_ruins,
          nicolae_nh_oracle_at_delphi
D:4:      old_forge, layout_rooms, mainiacjoe_overflow_24_doors,
          minmay_temple_entry_drinking_statues, corexii_hall_statues_x,
          minmay_goblin_outpost, uniq_grinder
D:5:      layout_rooms, lemuel_tele_altar, pf_guarded_unrand_meek,
          uniq_prince_ribbit1, uniq_eustachio
D:6:      layout_layer_cave, uniq_blork_the_orc
D:7:      layout_rooms, gammafunk_ghost_cemetery, uniq_jeremiah
Temple:   minmay_temple_curvy_loop

Skill      XL: |  1  2  3  4  5  6  7  8  9 |
---------------+----------------------------+-----
Ranged Weapons | 5 6 7 8 9 11 | 11.0
Fighting       | 3 4 6 7 |  7.0
Dodging        | 2 3 4 |  4.3
Armour         | 1 |  1.1
Stealth        | |  1.1

Action                     |  1- 3 |  4- 6 |  7- 9 || total
---------------------------+-------+-------+-------++-------
   Fire: Shortbow          |   119 |   329 |   577 ||  1025
    Use: Scroll            |     7 |     3 |     6 ||    16
         Potion            |     1 |     1 |     2 ||     4
 Armour: Leather armour    |    41 |   185 |   246 ||   472
  Dodge: Dodged            |    44 |   168 |   366 ||   578

Table legend:
 A = Non-vault XP
 B = Vault XP
 C = Vault XP percentage of total XP
 D = Non-vault monster count
 E = Vault monster count
 F = Vault count percentage of total count
                 A         B        C        D         E       F
            +---------+---------+-------+---------+---------+-------
      Total |    2439 |    1537 |  38.7 |     138 |      38 |  21.6
            +---------+---------+-------+---------+---------+-------
        D:1 |      24 |       0 |   0.0 |      13 |       0 |   0.0
        D:2 |      53 |       0 |   0.0 |      21 |       0 |   0.0
        D:3 |     142 |       6 |   4.1 |      26 |       2 |   7.1
        D:4 |     750 |     736 |  49.5 |      39 |      25 |  39.1
        D:5 |     735 |     704 |  48.9 |      26 |      10 |  27.8
        D:6 |     439 |      91 |  17.2 |       8 |       1 |  11.1
        D:7 |     296 |       0 |   0.0 |       5 |       0 |   0.0
            +---------+---------+-------+---------+---------+-------
